 Dungeon Crawl Stone Soup version 0.28.0-47-ge53b351184 (webtiles) character file.

Game seed: 6682102929069346224

4 pkoi the Gusty (level 1, -3/14 HPs)
             Began as a Demigod Air Elementalist on May 6, 2022.
             Slain by a gnoll
             ... wielding a +0 whip
              (8 damage)
             ... on level 1 of the Dungeon.
             The game lasted 00:00:34 (196 turns).

pkoi the Gusty (Demigod Air Elementalist)            Turns: 196, Time: 00:00:35

Health: -3/14      AC:  2    Str:  9    XL:     1   Next: 46%
Magic:  1/5        EV: 12    Int: 17    God:
Gold:   8          SH:  0    Dex: 14    Spells: 2/3 levels left

rFire   . . .      SeeInvis .   (no weapon)
rCold   . . .      Faith    .   (no shield)
rNeg    . . .      Spirit   .   a - +0 robe
rPois   .          Reflect  .   (no helmet)
rElec   .          Harm     .   (no cloak)
rCorr   .          Rampage  .   (no gloves)
Will    .....                   (no boots)
Stlth   ++........              (no amulet)
HPRegen 0.04/turn               (no ring)
MPRegen 0.09/turn               (no ring)

@: no status effects
A: high MP 1, forlorn, divine attributes
a: no special abilities


You were on level 1 of the Dungeon.
You visited 1 branch of the dungeon, and saw 1 of its levels.

You collected 8 gold pieces.

Inventory:

Hand Weapons
 c - a +0 hand axe
 e - a +0 whip
Missiles
 d - 2 boomerangs
 f - 51 stones
Armour
 a - a +0 robe (worn)
Potions
 b - a potion of flight {unknown}


   Skills:
 - Level 1.7 Dodging
 - Level 1.7 Stealth
 - Level 1.7 Spellcasting
 - Level 0.8 Conjurations
 + Level 3.0 Air Magic


You had 2 spell levels left.
You knew the following spells:

 Your Spells              Type           Power      Damage    Failure   Level
a - Shock                 Conj/Air       32%        1d5       9%          1

Your spell library contained the following spells:

 Spells                   Type           Power      Damage    Failure   Level
 Static Discharge         Conj/Air       8%         N/A       14%         2
 Swiftness                Air            11%        N/A       17%         3
 Airstrike                Air            5%         N/A       50%         4


Dungeon Overview and Level Annotations

Branches:
Dungeon (1/15)


Innate Abilities, Weirdness & Mutations

You have an increased reservoir of magic. (+10% MP)
You shall have no god before yourself.
Your divine heritage dramatically boosts your attributes as you level up.


Message History

You kill the quokka!
Your Air Magic skill increases to level 3!
You can't see any susceptible monsters within range! (Use Z to cast anyway.)
You can't see any susceptible monsters within range! (Use Z to cast anyway.)
You can't see any susceptible monsters within range! (Use Z to cast anyway.)
f - 51 stones (gained 21)
A gnoll comes into view. It is wielding a +0 whip.
Found an amethyst potion.
A gnoll is nearby!
A gnoll is nearby!
The zap hits the gnoll.
The gnoll is lightly wounded.
The zap hits the gnoll.
The gnoll is moderately wounded.
The zap misses the gnoll.
The zap hits the gnoll but does no damage.
The gnoll is moderately wounded.
The zap hits the gnoll.
The gnoll is heavily wounded.
You aren't carrying any items that you can evoke.
You don't have enough magic to cast this spell.
Unknown command.
Throw: 2 boomerangs
Press: ? - help, Shift-Dir - straight line, f/p - gnoll
Aim: a gnoll, wielding a +0 whip (heavily wounded, 61% to hit)
You throw a boomerang.
The boomerang hits the gnoll but does no damage.
The gnoll is heavily wounded.
The gnoll hits you with a +0 whip!
Ouch! That really hurt!
* * * LOW HITPOINT WARNING * * *
Throw: 2 boomerangs
Press: ? - help, Shift-Dir - straight line, f/p - gnoll
Aim: a gnoll, wielding a +0 whip (heavily wounded, 61% to hit)
You throw a boomerang.
The boomerang hits the gnoll but does no damage.
The gnoll is heavily wounded.
The gnoll hits you with a +0 whip!
Ouch! That really hurt!
You die...

#...# #.#.######.
#.#........ ######
#.#....!..# #....# #.#.#
#....# #.#.# #######....#
#.#.#
#.......†..####.#g######
................@.......#
#.####.....####.#.#.###.#
......................
....##..........#.#.#..
....8############.#.#.#..
................#.# # # #
#...8##...#####.#.#
....##.....# .#
###.###.<.##


You could see a gnoll.

Vanquished Creatures
  2 hobgoblins (D:1)
  A quokka (D:1)
  A kobold (D:1)
4 creatures vanquished.

Notes
Turn   | Place    | Note
-------+----------+-------------------------------------------
     0 | D:1      | pkoi the Demigod Air Elementalist began the quest for the
                  | Orb.
     0 | D:1      | Reached XP level 1. HP: 14/14 MP: 5/5
   146 | D:1      | Reached skill level 3 in Air Magic
   196 | D:1      | Slain by a gnoll

Illustrated notes

Levels and vault maps discovered:
D:1:      psy_arrival_basics, layout_basic

Skill      XL: |  1 |
---------------+----+-----
Air Magic      | 3 |  3.0
Dodging        | |  1.7
Stealth        | |  1.7
Spellcasting   | |  1.7
Conjurations   | |  0.8

Action                   || total
-------------------------++-------
Melee: Unarmed           ||     1
Throw: Boomerang         ||     2
 Cast: Shock             ||    14
Dodge: Dodged            ||     2
